 Dungeon Crawl Stone Soup version 0.30-a0-862-g1aabd4f9c5 (webtiles) character file.

Game seed: 9112495598801076356

75 qeuew the Conjurer (level 4, -6/27 HPs)
             Began as a Tengu Reaver on Mar 9, 2023.
             Killed from afar by an orc wizard (15 damage)
             ... with a puff of flame
             ... on level 3 of the Dungeon.
             The game lasted 00:02:26 (1530 turns).

qeuew the Conjurer (Tengu Reaver)                   Turns: 1530, Time: 00:02:27

Health: -6/27      AC:  3    Str: 13 (14) XL:     4   Next: 31%
Magic:  8/8        EV: 12    Int: 24 (26) God:
Gold:   171        SH:  0    Dex: 11 (12) Spells: 3/7 levels left

rFire   . . .      SeeInvis .    a - +0 hand axe
rCold   . . .      Faith    .    (no shield)
rNeg    . . .      Spirit   .    b - +0 leather armour
rPois   .          Reflect  .    (helmet restricted)
rElec   .          Rampage  .    (no cloak)
rCorr   .                        (no gloves)
Will    .....                    (boots unavailable)
Stlth   +                        (no amulet)
HPRegen 0.24/turn                c - +6 ring of intelligence
MPRegen 0.11/turn                e - +6 ring of intelligence

@: confused, attractive
A: beak, talons 3
a: no special abilities


You were on level 3 of the Dungeon.
You visited 1 branch of the dungeon, and saw 3 of its levels.

You collected 171 gold pieces.

Inventory:

Hand Weapons
 a - a +0 hand axe (weapon)
Armour
 b - a +0 leather armour (worn)
Jewellery
 c - a +6 ring of intelligence (left hand)
 e - a +6 ring of intelligence (right hand)
Wands
 h - a wand of light (5)
Scrolls
 d - a scroll of teleportation
 f - a scroll of immolation {unknown}
 i - a scroll of identify
Potions
 g - a potion of magic


   Skills:
 + Level 2.5 Fighting
 + Level 3.6 Axes
 + Level 1.3 Armour
 + Level 2.7 Dodging
 + Level 2.4 Spellcasting
 + Level 4.5 Conjurations
 + Level 0.4 Ice Magic


You had 3 spell levels left.
You knew the following spells:

 Your Spells              Type           Power      Damage    Failure   Level
a - Kiss of Death         Conj/Necr      52%        2d9       6%          1
b - Hailstorm             Conj/Ice       14%        3d5       16%         3

Your spell library contained the following spells:

 Spells                   Type           Power      Damage    Failure   Level
 Momentum Strike          Conj/Tloc      26%        3d8       9%          2
 Sandblast                Erth           4%         2d4       14%         1
 Stone Arrow              Conj/Erth      26%        3d8       17%         3
 Passwall                 Tmut/Erth      1%         N/A       22%         2


Dungeon Overview and Level Annotations

Branches:
Dungeon (3/15)

Altars:
Qazlal

Shops:
D:2 *


Innate Abilities, Weirdness & Mutations

You have a beak for a mouth.
You have claws for feet.


Message History

The orc wizard gestures at you while chanting.
You are more confused.
You bump into the rock wall.
The orc wizard gestures at you while chanting.
You resist with some effort.
You hit the orc wizard.
The orc wizard is almost dead.
The orc wizard points at you and mumbles some strange words.
The magic dart hits you.
You bump into the rock wall.
The orc wizard gestures wildly while chanting.
The orc wizard flickers and vanishes!
The orc wizard gestures wildly while chanting.
The orc wizard flickers and vanishes!
The orc hits you but does no damage.
Unknown command.
You bump into the rock wall.
The orc hits you with a +0 mace of holy wrath.
It was a potion of attraction.
You feel attractive to monsters. The orc closely misses you.
You hit the orc.
The orc is moderately wounded.
The orc misses you.
You closely miss the orc.
The orc is moderately wounded.
The orc hits you with a +0 mace of holy wrath.
You hit the orc.
The orc is severely wounded.
The orc closely misses you.
You miss the orc. You claw the orc.
You kill the orc!
You hear some strange, mumbled words.
You are more confused.
Something is attracted toward you. x3
You miss something. Your kick misses something.
You hear some strange, mumbled words.
A puff of flame appears from out of thin air!
The puff of flame hits you!
Ouch! That really hurt!
You die...

#§.###..# #.# #≈.#
#..####.# +..#
#.......# #≈.#
##.###### #≈.# ##.#
#≈.# #..# ##§.# #.##
.#.######§≈.###.####
...{{{{@.$.........#
.#########.#.......#
#.#........#
#.###...)...# ##
#........#
#.#.......#
..##.......# ...
####.##.# #.. #..
...


There were no monsters in sight!

Vanquished Creatures
  3 adders
  2 worms (D:2)
  2 orcs (D:3)
  7 ball pythons
  An endoplasm (D:3)
  2 giant cockroaches (D:1)
  2 goblins (D:1)
  6 hobgoblins
  2 quokkas
  2 bats
  5 frilled lizards
  5 kobolds
  4 rats
43 creatures vanquished.

Notes
Turn   | Place    | Note
-------+----------+-------------------------------------------
     0 | D:1      | qeuew the Tengu Reaver began the quest for the Orb.
     0 | D:1      | Reached XP level 1. HP: 12/12 MP: 4/4
   124 | D:1      | Reached XP level 2. HP: 13/17 MP: 6/6
   535 | D:2      | Found a stormy altar of Qazlal.
   563 | D:2      | Reached skill level 1 in Armour
   563 | D:2      | Reached XP level 3. HP: 16/21 MP: 7/7
   567 | D:2      | Learned a level 3 spell: Hailstorm
   855 | D:2      | Found Naclurphy's Assorted Antiques.
  1301 | D:3      | Reached XP level 4. HP: 17/27 MP: 8/8
  1530 | D:3      | Killed from afar by an orc wizard

Illustrated notes

Levels and vault maps discovered:
D:1:      enne_arrival_octagon_isle, layout_rooms, roderic_nine_men_s_morris
D:2:      layout_loops_cross, serial_shops, shop_statue, basic_altar,
          st_stairs_6
D:3:      kennysheep_the_goblin_king, layout_loops_ring,
          dreamdust_divine_triumvirate, nicolae_overflow_quartered_altars,
          lightli_temple_of_fire

Skill      XL: |  1  2 |
---------------+-------+-----
Armour         | 1 |  1.3
Fighting       | |  2.5
Axes           | |  3.6
Dodging        | |  2.7
Spellcasting   | |  2.4
Conjurations   | |  4.5
Ice Magic      | |  0.4

Action                     |  1- 3 |  4- 6 || total
---------------------------+-------+-------++-------
  Melee: Hand axe          |    74 |    30 ||   104
         Kick              |    11 |     8 ||    19
         Peck              |     6 |     1 ||     7
         Punch             |     1 |       ||     1
    Use: Potion            |     4 |     1 ||     5
         Scroll            |     4 |       ||     4
   Stab: Sleeping          |     1 |       ||     1
 Armour: Leather armour    |    18 |     4 ||    22
  Dodge: Dodged            |    38 |    15 ||    53

Table legend: (Time is in decaauts)
 A = Elapsed time spent in this place.
 B = Non-inter-level travel time spent in this place.
 C = Inter-level travel time spent in this place.
 D = Time resting spent in this place.
 E = Time spent auto-exploring this place.
 F = Levels seen in this place.
 G = Mean time per level.
                   A        B        C        D        E       F      G
               +--------+--------+--------+--------+--------+-----+--------+
         Total |   1540 |   1495 |     45 |      0 |   1218 |   3 |  513.3 |
       Dungeon |   1540 |   1495 |     45 |      0 |   1218 |   3 |  513.3 |
               +--------+--------+--------+--------+--------+-----+--------+

Top non-repeatable levels by time:
     D:2: 673 daAuts
     D:1: 501 daAuts
     D:3: 365 daAuts
